 Dungeon Crawl Stone Soup version 0.30-a0-723-gc1506a1cf0 (webtiles) character file.

Game seed: 8662718047345289070

988 PriceMaster the Thaumaturge (level 7, 0/33 (37) HPs)
             Began as a Deep Elf Hedge Wizard on Jan 28, 2023.
             Was a Priest of Ru.
             Succumbed to a kobold's poison
             ... on level 3 of the Dungeon.
             The game lasted 00:33:30 (7782 turns).

PriceMaster the Thaumaturge (Deep Elf Hedge Wizard) Turns: 7782, Time: 00:33:30

HP:   0/33 (37)     AC:  8    Str:  7    XL:     7   Next: 97%
MP:   13/21         EV: 13    Int: 21    God:    Ru [***...]
Gold: 210           SH:  0    Dex: 14    Spells: 13/23 levels left

rFire   . . .      SeeInvis .    t - +2 dagger (elec)
rCold   + . .      Faith    +    (no shield)
rNeg    + . .      Spirit   .    l - +2 robe {rC+}
rPois   .          Reflect  .    c - +1 hat
rElec   .          Harm     .    q - +1 cloak
rCorr   .          Rampage  .    i - +0 pair of gloves
Will    .....                    (no boots)
Stlth   ++                       j - amulet of faith
HPRegen 0.25/turn                g - ring of positive energy
MPRegen 0.17/turn                (no ring)

@: mighty, lethally poisoned (0 -> -11), flying, very slightly contaminated,
heavily drained
A: inability to use devices, missing an eye
a: Renounce Religion, Draw Out Power


You were on level 3 of the Dungeon.
You worshipped Ru.
Ru was most pleased with you.
You visited 1 branch of the dungeon, and saw 5 of its levels.

You collected 406 gold pieces.
You spent 196 gold pieces at shops.

Inventory:

Hand Weapons
 a - a +0 dagger
 t - a +2 dagger of electrocution (weapon)
Armour
 c - a +1 hat (worn)
 i - a +0 pair of gloves (worn)
 l - a +2 robe of cold resistance (worn)
 q - a +1 cloak (worn)
Jewellery
 g - a ring of positive energy (left hand)
 j - an amulet of faith (around neck)
Scrolls
 e - 2 scrolls of vulnerability
 o - 3 scrolls of noise {unknown}
Potions
 f - a potion of cancellation
 r - a potion of attraction


   Skills:
 + Level 0.5 Fighting
 + Level 1.1 Short Blades
 + Level 3.1 Dodging
 + Level 3.4 Stealth
 + Level 8.9 Spellcasting
 + Level 5.0 Conjurations
 + Level 1.3 Hexes
 + Level 1.1 Summonings
 + Level 0.1 Necromancy
 + Level 2.7 Translocations
 + Level 2.1 Air Magic
 + Level 2.0 Poison Magic


You had 13 spell levels left.
You knew the following spells:

 Your Spells              Type           Power      Damage    Failure   Level
a - Magic Dart            Conj           100%       1d8       1%          1
b - Blink                 Tloc           40%        N/A       3%          2
c - Mephitic Cloud        Conj/Pois/Air  22%        N/A       6%          3
d - Cigotuvi's Dreadful   Necr/Pois/Air  30%        N/A       6%          2
e - Slow                  Hex            56%        N/A       4%          1
f - Foxfire               Conj/Fire      76%        2x1d7     2%          1

Your spell library contained the following spells:

 Spells                   Type           Power      Damage    Failure   Level
 Call Imp                 Summ           14%        N/A       7%          2
 Sticky Flame             Conj/Fire      19%        2d4       26%         4
 Cause Fear               Hex            7%         N/A       38%         4
 Starburst                Conj/Fire      9%         6d5       99%         6
 Dragon Form              Tmut           4%         N/A       100%        7
 Dragon's Call            Summ           7%         N/A       100%        9
 Fire Storm               Conj/Fire      9%         8d3       100%        9


Dungeon Overview and Level Annotations

Branches:
Dungeon (5/15)             Temple (0/1) D:5

Altars:
Hepliaklqana
Ru
Sif Muna
Zin

Shops:
D:2 [   D:4 [

Annotations:
D:3 PriceMaster's ghost, amateur OpNe


Innate Abilities, Weirdness & Mutations

You cannot study or use magical devices.
You are missing an eye, making it more difficult to aim.


Message History

Okay, then.
Casting: Slow (safe; 4% risk of failure)
Confirm with . or Enter, or press ? or * to list all spells.
Okay, then.
Casting: Slow (safe; 4% risk of failure)
Confirm with . or Enter, or press ? or * to list all spells.
Okay, then.
You feel sick.
The kobold hits you with a +1 short sword of venom.
You are more poisoned.
Casting: Slow (safe; 4% risk of failure)
Confirm with . or Enter, or press ? or * to list all spells.
You don't know that spell.
Casting: Slow (safe; 4% risk of failure)
Confirm with . or Enter, or press ? or * to list all spells.
Okay, then.
Casting: Slow (safe; 4% risk of failure)
Confirm with . or Enter, or press ? or * to list all spells.
You miscast Cigotuvi's Dreadful Rot.
You are very lightly contaminated with residual magic.
Nothing appears to happen.
You feel very sick.
You redirect the kobold's attack!
The kobold hits PriceMaster's ghost with a +1 short sword of venom.
* * * LOW HITPOINT WARNING * * *
You feel sick.
Casting: Cigotuvi's Dreadful Rot (safe; 6% risk of failure)
Confirm with . or Enter, or press ? or * to list all spells.
A part of your flesh rots into a cloud of miasma!
You feel drained.
* * * LOW HITPOINT WARNING * * *
You feel very sick.
The kobold hits you with a +1 short sword of venom.
* * * LOW HITPOINT WARNING * * *
You are more poisoned.
* * * LOW HITPOINT WARNING * * *
You feel very sick.
It was a potion of might.
You feel very mighty all of a sudden.
You die...

########.......##..'.....)#
##......#.......##.KK.###..#
#...............##.)#.....#*
.......>..###.####.K##.♣.##
..........# #.##§.KK.###*#
......>...# #.#.§##.##
..........# #...###.#
..........# #..#.○KW#
#........## #..#@####
..........####.#.#
..........#......#####
.......).........#...#
............##...#...#
...........###.#.#...#
#........####..#.....#
........#.....####...#
.#...##...##### #...#


You could see PriceMaster's ghost (slow) and a kobold.

Vanquished Creatures
  Sigmund (D:2)
  Menkaure (D:4)
  Duvessa (D:4)
  An ogre (D:5)
  A phantom (D:5)
  Dowan (D:4)
  3 hounds
  3 orc priests (D:5)
  Ijyb (D:4)
  2 orc wizards (D:5)
  5 adders
  A shadow imp (D:5)
  A white imp (D:5)
  3 ufetubi
  A worm (D:2)
  4 dart slugs
  6 orcs (D:5)
  3 bats
  6 endoplasms
  2 giant cockroaches
  6 goblins
  A hobgoblin (D:1)
  6 jackals
  9 kobolds
  7 quokkas
  6 ball pythons
  4 frilled lizards
  9 rats
95 creatures vanquished.

Vanquished Creatures (others)
  A kobold (D:3)
  4 fungi
  3 plants (D:3)
  3 toadstools (D:2)
11 creatures vanquished.

Grand Total: 106 creatures vanquished

Notes
Turn   | Place    | Note
-------+----------+-------------------------------------------
     0 | D:1      | PriceMaster the Deep Elf Hedge Wizard began the quest for
                  | the Orb.
     0 | D:1      | Reached XP level 1. HP: 10/10 MP: 7/7
   348 | D:1      | Reached skill level 5 in Spellcasting
   388 | D:1      | Reached XP level 2. HP: 15/15 MP: 3/10
   391 | D:1      | Learned a level 2 spell: Blink
  1242 | D:1      | Reached XP level 3. HP: 19/19 MP: 6/12
  1321 | D:1      | Learned a level 3 spell: Mephitic Cloud
  1620 | D:2      | Found Imecikop's Antique Armour Boutique.
  1656 | D:2      | Bought a glowing robe for 88 gold pieces
  1894 | D:2      | Found a faded altar of an unknown god.
  1918 | D:2      | Prayed at the altar of an unknown god.
  1918 | D:2      | Became a worshipper of Ru the Awakened
  1921 | D:2      | Noticed Sigmund
  2333 | D:2      | Killed Sigmund
  2334 | D:2      | Reached skill level 6 in Spellcasting
  2334 | D:2      | Reached skill level 1 in Air Magic
  2334 | D:2      | Reached XP level 4. HP: 21/24 MP: 1/14
  2334 | D:2      | Reached XP level 5. HP: 24/28 MP: 1/16
  2340 | D:2      | Learned a level 2 spell: Cigotuvi's Dreadful Rot
  2340 | D:2      | Gained mutation: You are missing an eye, making it more
                  | difficult to aim. [Ru sacrifice]
  2340 | D:2      | Reached * piety under Ru
  2549 | D:2      | Bought a pair of gloves for 108 gold pieces
  2711 | D:3      | Reached skill level 1 in Short Blades
  2841 | D:3      | Found a runed translucent gate.
  2843 | D:3      | Noticed PriceMaster's ghost (amateur OpNe)
  2844 | D:3      | Found a runed translucent gate.
  2844 | D:3      | Found a runed translucent gate.
  3125 | D:3      | Found a hazy altar of Hepliaklqana.
  3193 | D:3      | Found a shimmering blue altar of Sif Muna.
  3453 | D:4      | Noticed Duvessa
  3455 | D:4      | Noticed Dowan
  3734 | D:4      | Found a glowing silver altar of Zin.
  3861 | D:4      | Reached skill level 1 in Poison Magic
  3955 | D:4      | Reached XP level 6. HP: 30/32 MP: 12/17
  4021 | D:4      | Reached skill level 7 in Spellcasting
  4048 | D:4      | Noticed Menkaure
  4060 | D:4      | Killed Menkaure
  4263 | D:4      | Found Jierch's Armour Emporium.
  4279 | D:4      | Learned a level 1 spell: Slow
  4691 | D:4      | Noticed Ijyb
  4723 | D:5      | Entered Level 5 of the Dungeon
  5402 | D:5      | Reached XP level 7. HP: 26/32 MP: 2/20
  5564 | D:5      | Reached skill level 8 in Spellcasting
  6084 | D:5      | Reached skill level 1 in Hexes
  6552 | D:5      | Found a staircase to the Ecumenical Temple.
  7014 | D:4      | Gained mutation: You cannot study or use magical devices.
                  | [Ru sacrifice]
  7014 | D:4      | Reached ** piety under Ru
  7014 | D:4      | Reached *** piety under Ru
  7049 | D:4      | Killed Duvessa
  7050 | D:4      | Reached skill level 5 in Conjurations
  7060 | D:4      | Killed Ijyb
  7320 | D:4      | Killed Dowan
  7756 | D:3      | Identified a scroll of acquirement
  7756 | D:3      | Acquired the Encyclopedia of the Burn
  7760 | D:3      | Learned a level 1 spell: Foxfire
  7782 | D:3      | Succumbed to a kobold's poison

Illustrated notes

Levels and vault maps discovered:
D:1:      onia_arrival_mini_spirals, layout_basic, supply_closet_lemuel,
          nicolae_concentric_dashed_squares_mild,
          nicolae_kite_square_tiling_tiny
D:2:      layout_loops_ring, serial_shops, nicolae_shop_statue_plus,
          hellmonk_ecumenical_altar_run_dry, minmay_gold_behind_fungi,
          kennysheep_generic_room_3, uniq_sigmund
D:3:      layout_rooms, mainiacjoe_overflow_catwalk_spiral,
          gammafunk_ghost_nasty_kobolds
D:4:      layout_loops_ring, zin_statuary, serial_shops, shop_fountains,
          uniq_ijyb, uniq_duvessa, uniq_menkaure
D:5:      layout_basic, minmay_temple_entry_fiery, reono_crystal_passage,
          minmay_splitting_lines, nrook_uturn

Skill      XL: |  1  2  3  4  5  6  7 |
---------------+----------------------+-----
Spellcasting   | 5 6 7 8 |  8.9
Stealth        | 3 |  3.4
Conjurations   | 3 4 5 |  5.0
Air Magic      | 1 2 |  2.1
Short Blades   | 1 |  1.1
Poison Magic   | 1 2 |  2.0
Translocations | 2 |  2.7
Dodging        | 3 |  3.1
Hexes          | 1 |  1.3
Fighting       | |  0.5
Summonings     | |  1.1
Necromancy     | |  0.1

Action                     |  1- 3 |  4- 6 |  7- 9 || total
---------------------------+-------+-------+-------++-------
  Melee: Dagger            |    52 |    63 |    26 ||   141
         Punch             |     1 |       |     1 ||     2
   Cast: Magic Dart        |    98 |   107 |    94 ||   299
         Blink             |     5 |     6 |     2 ||    13
         Mephitic Cloud    |     7 |     4 |    11 ||    22
         Slow              |       |     5 |    16 ||    21
         Cigotuvi's Dreadf |       |     3 |     2 ||     5
 Invoke: Sacrifice an Eye  |       |     1 |       ||     1
         Draw Out Power    |       |       |     1 ||     1
         Sacrifice Artific |       |       |     1 ||     1
    Use: Scroll            |     5 |     4 |     6 ||    15
         Potion            |     3 |     2 |     8 ||    13
   Stab: Confused          |     3 |       |     1 ||     4
         Sleeping          |     1 |       |       ||     1
 Armour: Robe              |    11 |    28 |    10 ||    49
         Skin              |       |       |    12 ||    12
  Dodge: Dodged            |    23 |    37 |    24 ||    84

Table legend: (Time is in decaauts)
 A = Elapsed time spent in this place.
 B = Non-inter-level travel time spent in this place.
 C = Inter-level travel time spent in this place.
 D = Time resting spent in this place.
 E = Time spent auto-exploring this place.
 F = Levels seen in this place.
 G = Mean time per level.
                   A        B        C        D        E       F      G
               +--------+--------+--------+--------+--------+-----+--------+
         Total |   7785 |   7696 |     89 |   2246 |   3970 |   5 | 1557.0 |
       Dungeon |   7785 |   7696 |     89 |   2246 |   3970 |   5 | 1557.0 |
               +--------+--------+--------+--------+--------+-----+--------+

Top non-repeatable levels by time:
     D:5: 2288 daAuts
     D:4: 1595 daAuts
     D:1: 1332 daAuts
     D:3: 1300 daAuts
     D:2: 1268 daAuts
